 Dungeon Crawl Stone Soup version 0.23-a0-650-ga4d50d4 (webtiles) character file.

5009 zishaf the Fighter (level 10, -6/97 HPs)
             Began as a Hill Orc Monk on Jan 7, 2019.
             Was a Believer of Beogh.
             Mangled by an orc warrior
             ... wielding a +0 halberd
              (14 damage)
             ... on level 8 of the Dungeon.
             The game lasted 00:27:27 (12101 turns).

zishaf the Fighter (Hill Orc Monk)                 Turns: 12101, Time: 00:27:28

Health: -6/97      AC: 13    Str: 17    XL:     10   Next: 54%
Magic:  16/16      EV:  6    Int: 11    God:    Beogh [**....]
Gold:   465        SH:  0    Dex: 13    Spells: 9/9 levels left

rFire    + . .     SeeInvis .   a - +0 broad axe
rCold    . . .     Gourm    .   (no shield)
rNeg     . . .     Faith    .   s - +0 plate armour
rPois    .         Spirit   .   (no helmet)
rElec    .         Reflect  .   (no cloak)
rCorr    .         Harm     .   (no gloves)
MR       +....                  (no boots)
Stlth    ..........             (no amulet)
HPRegen  0.26/turn              y - ring of protection from fire
MPRegen  0.15/turn              D - ring of protection from magic

@: no status effects
A: no striking features
a: Smiting, Renounce Religion


You were on level 8 of the Dungeon.
You worshipped Beogh.
Beogh was pleased with you.
You were not hungry.

You visited 1 branch of the dungeon, and saw 9 of its levels.

You collected 465 gold pieces.

Inventory:

Hand Weapons
 a - a +0 broad axe (weapon)
 b - a +0 hand crossbow
Missiles
 h - 31 poisoned needles
 i - 130 stones (quivered)
 t - 18 tomahawks
 I - 157 bolts
Armour
 s - a +0 plate armour (worn)
Jewellery
 f - a +3 ring of dexterity
 y - a ring of protection from fire (left hand)
 A - an uncursed ring of magical power
 D - a ring of protection from magic (right hand)
 F - an uncursed ring of resist corrosion
 G - an uncursed ring of flight
Wands
 v - a wand of flame (23)
 x - a wand of random effects (29)
Scrolls
 d - 2 scrolls of teleportation
 g - 3 scrolls of remove curse
 k - a scroll of random uselessness {unknown}
 p - a scroll of fear {unknown}
 r - 2 scrolls of magic mapping {unknown}
 u - a scroll of enchant weapon {unknown}
 w - a scroll of immolation {unknown}
 B - 3 scrolls of blinking
 C - 2 scrolls of amnesia {unknown}
Potions
 e - a potion of degeneration {unknown}
 l - 6 potions of curing
 m - 2 potions of mutation {unknown}
 n - 2 potions of might {unknown}
 o - a potion of magic {unknown}
 q - a potion of berserk rage {unknown}
 z - 2 potions of haste {unknown}
 E - a potion of flight {unknown}
 H - 4 potions of brilliance
Comestibles
 c - 13 rations
 j - 5 chunks of flesh


   Skills:
 + Level 11.7 Fighting
 + Level 8.7 Axes
 + Level 1.8 Crossbows
 + Level 8.0 Armour
 - Level 2.4 Dodging
 - Level 1.5 Stealth
 + Level 9.0 Invocations


You had 9 spell levels left.
You didn't know any spells.
Your spell library contained the following spells:

 Spells                   Type           Power        Failure   Level  Hunger
 Confusing Touch          Hex            #.....       100%        1    ##.....
 Flame Tongue             Conj/Fire      #....        100%        1    ##.....
 Shock                    Conj/Air       #...         100%        1    ##.....
 Swiftness                Chrm/Air       #.......     100%        2    ###....
 Throw Flame              Conj/Fire      #.....       100%        2    ###....
 Confuse                  Hex            #.......     100%        3    ####...
 Conjure Flame            Conj/Fire      #.......     100%        3    ####...
 Gell's Gravitas          Tloc           #.........   100%        3    ####...
 Inner Flame              Hex/Fire       #.......     100%        3    ####...
 Static Discharge         Conj/Air       #.......     100%        3    ####...
 Airstrike                Air            #.........   100%        4    #####..
 Petrify                  Tmut/Erth      #.......     100%        4    #####..
 Sticky Flame             Conj/Fire      #.......     100%        4    #####..
 Fireball                 Conj/Fire      #.........   100%        5    ######.
 Lightning Bolt           Conj/Air       #.........   100%        5    ######.
 Metabolic Englaciation   Hex/Ice        #.........   100%        5    ######.
 Yara's Violent Unravell  Hex/Tmut       #.........   100%        5    ######.


Dungeon Overview and Level Annotations

Branches:
Dungeon (9/15)             Temple (0/1) D:7            Lair (0/6) D:8
    Orc: D:9-12

Altars:
Ashenzari
Cheibriados
Dithmenos
Hepliaklqana
Uskayaw
Yredelemnul


Message History

* * * LOW HITPOINT WARNING * * *
You miss something. You hit the orc priest. The orc warrior barely misses you.
The orc priest invokes the aid of Beogh against you.
Beogh smites you!
* * * LOW HITPOINT WARNING * * *
You hear some strange, mumbled words.
Something tries to affect you, but you resist.
You slash something! Beogh accepts your kill.
Reactivating autopickup.
You feel a bit more experienced.
You hit the orc priest. The orc priest barely misses you.
The orc warrior hits you from afar with a +0 halberd.
* * * LOW HITPOINT WARNING * * *
You barely miss the orc priest.
The orc priest is heavily wounded.
The orc priest hits you but does no damage.
The orc warrior hits you from afar with a +0 halberd!
You die...
Beogh appreciates the orc warrior's killing of a heretic priest.

#..#
##.)##
##.##
##..##
#..#
##..#
##.##
##.##
#.##
##.#
##.# #..
#.## ##.
##.# ##
#@## #
#o)#
##.o
#...
#....
#.....
#......
##.....#


You could see an orc warrior and an orc priest.

Vanquished Creatures
  The ghost of Skryme the Blocker, a novice OpFi of Gozag (D:7)
  Pikel (D:7)
  Psyche (D:8)
  A troll (D:6)
  Prince Ribbit (D:8)
  Sigmund (D:5)
  A yak (D:8)
  2 porcupines (D:8)
  2 slaves (D:7)
  4 orc warriors
  An ice beast (D:7)
  2 black bears
  2 phantoms
  A sky beast (D:8)
  5 ogres
  3 crocodiles
  A centaur (D:6)
  3 bullfrogs (D:8)
  A scorpion (D:7)
  A howler monkey (D:5)
  A crimson imp (D:5)
  A centaur zombie (D:8)
  A jelly (D:5)
  A hound (D:3)
  9 orc wizards
  2 orc priests
  An iguana (D:8)
  7 worker ants
  3 gnolls (D:5)
  2 howler monkey skeletons
  9 adders
  3 shadow imps
  An ooze (D:4)
  An adder zombie (D:8)
  3 worms
  A dart slug (D:2)
  7 leopard geckos
  54 orcs
  2 ball pythons
  12 bats
  7 giant cockroaches
  12 goblins
  8 hobgoblins
  4 jackals
  9 kobolds
  6 quokkas
  4 frilled lizards
  A jackal skeleton (D:7)
  A quokka skeleton (D:4)
  10 rats
218 creatures vanquished.

Vanquished Creatures (others)
  2 slaves (D:8)
  An orc priest (D:4)
  3 jackals (D:4)
  30 fungi (D:8)
  4 plants (D:8)
40 creatures vanquished.

Grand Total: 258 creatures vanquished

Notes
Turn   | Place    | Note
-------+----------+-------------------------------------------
     0 | D:1      | zishaf the Hill Orc Monk began the quest for the Orb.
     0 | D:1      | Reached XP level 1. HP: 19/19 MP: 1/1
   191 | D:1      | Reached XP level 2. HP: 23/27 MP: 2/2
   549 | D:1      | Reached skill level 1 in Armour
   661 | D:2      | Reached skill level 4 in Fighting
   689 | D:2      | Reached XP level 3. HP: 33/33 MP: 3/3
   786 | D:2      | Reached skill level 5 in Axes
  1066 | D:2      | Reached XP level 4. HP: 40/40 MP: 4/4
  1348 | D:2      | Noticed a bullfrog
  1378 | D:2      | Found a shadowy altar of Dithmenos.
  1763 | D:3      | Reached XP level 5. HP: 37/47 MP: 5/5
  2513 | D:4      | Noticed an ogre
  2521 | D:3      | Reached skill level 5 in Fighting
  2541 | D:4      | Became a worshipper of Beogh the Brigand
  2541 | D:4      | Reached * piety under Beogh
  2541 | D:4      | Reached ** piety under Beogh
  2818 | D:4      | Reached skill level 1 in Invocations
  2818 | D:4      | Reached XP level 6. HP: 50/56 MP: 6/6
  3172 | D:4      | Found a shattered altar of Ashenzari.
  3261 | D:4      | Reached skill level 6 in Fighting
  3424 | D:4      | Reached XP level 7. HP: 49/64 MP: 2/8
  3676 | D:4      | Found a basalt altar of Yredelemnul.
  3676 | D:4      | Found a hazy altar of Hepliaklqana.
  3678 | D:4      | Found a snail-covered altar of Cheibriados.
  4010 | D:5      | Entered Level 5 of the Dungeon
  4117 | D:5      | Reached skill level 7 in Fighting
  4373 | D:5      | Noticed Sigmund
  4482 | D:5      | Killed Sigmund
  4482 | D:5      | Reached skill level 8 in Fighting
  4482 | D:5      | Reached XP level 8. HP: 47/74 MP: 11/11
  5526 | D:6      | Noticed a troll
  5576 | D:6      | Killed a troll
  5576 | D:6      | Reached skill level 9 in Fighting
  5576 | D:6      | Reached skill level 5 in Armour
  5576 | D:6      | Reached skill level 5 in Invocations
  6440 | D:6      | Reached XP level 9. HP: 79/85 MP: 13/13
  6790 | D:6      | Reached skill level 10 in Fighting
  7515 | D:7      | Found a staircase to the Ecumenical Temple.
  7620 | D:7      | HP: 4/85 [orc warrior/cursed -2 dire flail (9)]
  7985 | D:7      | Found a hide-covered altar of Uskayaw.
  8125 | D:7      | Found a runed gate.
  8125 | D:7      | Found a runed gate.
  8125 | D:7      | Found a runed gate.
  8229 | D:7      | Noticed Skryme's ghost (novice OpFi)
  8559 | D:7      | Killed Skryme's ghost
  9124 | D:8      | Noticed Pikel
  9528 | D:7      | Killed Pikel
  9528 | D:7      | Reached skill level 11 in Fighting
  9908 | D:8      | Reached XP level 10. HP: 96/96 MP: 14/16
 10779 | D:8      | Noticed Prince Ribbit
 11179 | D:8      | Killed Prince Ribbit
 11510 | D:8      | Reached skill level 1 in Crossbows
 11687 | D:8      | Found a staircase to the Lair.
 11717 | D:8      | Noticed Psyche
 11767 | D:8      | Paralysed by something for 2 turns
 11772 | D:8      | Killed Psyche
 12101 | D:8      | Mangled by an orc warrior

Vault maps used:
D:1:      shiori_arrival_oz, hangedman_decor_clover_reticule
D:2:      marbit_many_paths, lightli_corner_chamber
D:3:      minmay_quantized
D:4:      gammafunk_temple_overflow_forgotten, first_ration,
          grunt_decor_mini_mirrors, cheibrodos_ashenzari_chains
D:5:      kennysheep_small_square, uniq_sigmund
D:7:      eat_drink_and_be_merry_uskayaw, minmay_temple_entry_offerings,
          gammafunk_ghost_split
D:8:      due_lair_maze_entry_diamond, uniq_pikel, uniq_prince_ribbit1,
          uniq_psyche
D:9:      lemuel_crystal_altar, serial_rivers, chequers_serial_rivers_micro_d,
          chequers_serial_rivers_room_a, chequers_serial_rivers_micro_c,
          chequers_serial_rivers_micro_d, chequers_serial_rivers_micro_b,
          chequers_serial_rivers_micro_e, uniq_erica

Skill      XL: |  1  2  3  4  5  6  7  8  9 10 |
---------------+-------------------------------+-----
Armour         | 1 2 3 4 5 7 8 |  8.0
Fighting       | 4 5 6 8 9 11 | 11.7
Axes           | 5 6 7 8 |  8.7
Invocations    | 1 2 4 6 8 9 |  9.0
Crossbows      | 1 |  1.8
Dodging        | |  2.4
Stealth        | |  1.5

Action                   |  1- 3 |  4- 6 |  7- 9 | 10-12 || total
-------------------------+-------+-------+-------+-------++-------
Melee: Hand axe          |    21 |       |       |       ||    21
       Dagger            |    71 |   261 |    30 |       ||   362
       Trident           |       |       |   222 |       ||   222
       Broad axe         |       |       |   151 |   166 ||   317
       Hand crossbow     |       |       |       |     1 ||     1
 Fire: Hand crossbow     |       |       |       |    29 ||    29
Throw: Stone             |     4 |     9 |       |       ||    13
Invok: Convert to Beogh  |       |     1 |       |       ||     1
       Smiting           |       |     4 |     4 |       ||     8
Evoke: Wand              |       |       |    15 |       ||    15
  Use: Scroll            |       |       |     5 |       ||     5
 Stab: Sleeping          |     3 |       |       |       ||     3
  Eat: Chunk             |     1 |     7 |    14 |     4 ||    26
       Ration            |       |       |     2 |     1 ||     3
Armor: Robe              |     6 |       |       |       ||     6
       Leather armour    |    13 |     5 |       |       ||    18
       Chain mail        |       |    68 |       |       ||    68
       Ring mail         |       |     5 |       |       ||     5
       Plate armour      |       |    80 |   251 |   165 ||   496
Dodge: Dodged            |    60 |   102 |    98 |    67 ||   327

Table legend:
 A = Non-vault XP
 B = Vault XP
 C = Vault XP percentage of total XP
 D = Non-vault monster count
 E = Vault monster count
 F = Vault count percentage of total count
                 A         B        C        D         E       F
            +---------+---------+-------+---------+---------+-------
      Total |    3522 |    3634 |  50.8 |     193 |      23 |  10.6
            +---------+---------+-------+---------+---------+-------
        D:1 |      29 |       2 |   6.5 |      18 |       1 |   5.3
        D:2 |      88 |       3 |   3.3 |      33 |       1 |   2.9
        D:3 |     194 |       8 |   4.0 |      32 |       3 |   8.6
        D:4 |     483 |       0 |   0.0 |      23 |       0 |   0.0
        D:5 |     502 |     270 |  35.0 |      19 |       2 |   9.5
        D:6 |     991 |       0 |   0.0 |      19 |       0 |   0.0
        D:7 |     376 |    1641 |  81.4 |      15 |       5 |  25.0
        D:8 |     859 |    1710 |  66.6 |      34 |      11 |  24.4
            +---------+---------+-------+---------+---------+-------
